 Dungeon Sprint DCSS version 0.26-a0-1184-g95e395e029 (webtiles) character file.

Game seed: 581186621405357557

12504 reriks the Tortoise (level 11, -6/80 HPs)
             Began as a Gargoyle Berserker on Dec 27, 2020.
             Was the Champion of Trog.
             Killed from afar by an electric golem (12 damage)
             ... with a bolt of lightning
             ... in the Dungeon (Sprint II: "The Violet Keep of Menkaure").
             The game lasted 00:16:09 (5200 turns).

reriks the Tortoise (Gargoyle Berserker)            Turns: 5200, Time: 00:16:10

Health: -6/80      AC: 28    Str: 23    XL:     11   Next: 94%
Magic:  11/11      EV: 13    Int:  8    God:    Trog [******]
Gold:   849        SH:  0    Dex: 10    Spells: 10/10 levels left

rFire    + . .     SeeInvis .   l - +5 flail (flame)
rCold    + . .     Faith    .   (no shield)
rNeg     + . .     Spirit   .   i - +1 plate armour {rC+}
rPois    ∞         Reflect  .   k - +0 hat
rElec    +         Harm     .   (no cloak)
rCorr    .         Rampage  .   j - +0 pair of gloves
Will     +....     NoTele   +   (no boots)
Stlth    ..........             C - amulet of the acrobat
HPRegen  0.23/turn              D - ring of protection from fire
MPRegen  0.12/turn              A - ring of willpower

@: berserk cooldown, slowed, very slow
A: blurry vision 2, negative energy resistance 1, electricity resistance,
unbreathing, evolution 1, petrification resistance, miasma immunity, sturdy
frame 1, AC +8
a: Renounce Religion, Berserk, Trog's Hand, Brothers in Arms


You were in the Dungeon.
You worshipped Trog.
Trog was exalted by your worship.
You visited 1 branch You collected 1876 gold pieces.
You spent 1027 gold pieces at shops.

Inventory:

Hand Weapons
 l - a +5 flail of flaming (weapon)
Armour
 b - a +0 animal skin
 i - a +1 plate armour of cold resistance (worn)
 j - a +0 pair of gloves (worn)
 k - a +0 hat (worn)
 p - a +0 troll leather armour
 E - the +1 ring mail of Grim Satisfaction {+Blink rN+ SInv}
   (You found it in the Dungeon)

   It protects you from negative energy.
   It lets you see invisible.
   It lets you blink.
Jewellery
 w - a cursed -4 ring of intelligence
 y - the ring "Qagiofiu" {rF- rN+++ EV+4 SInv}
   (You found it in the Dungeon)

   [ring of evasion]

   It affects your evasion (+4).
   It makes you vulnerable to fire.
   It renders you almost immune to negative energy.
   It lets you see invisible.
 A - a ring of willpower (right hand)
 B - an uncursed ring of willpower
 C - an amulet of the acrobat (around neck)
 D - a ring of protection from fire (left hand)
Scrolls
 h - 4 scrolls of blinking
 n - 3 scrolls of immolation
 t - a scroll of enchant armour
 J - a scroll of random uselessness
Potions
 c - 3 potions of curing
 d - a potion of heal wounds
 e - 8 potions of haste
 f - 15 potions of magic
 g - 2 potions of berserk rage
 o - 3 potions of invisibility
 r - a potion of attraction
 s - a potion of brilliance {unknown}
 u - 2 potions of resistance
 v - 3 potions of flight
 z - 2 potions of mutation


   Skills:
 + Level 14.0 Fighting
 + Level 16.0 Maces & Flails
 + Level 17.1 Armour
 + Level 11.1 Dodging


You had 10 spell levels left.
You didn't know any spells.
Your spell library was empty.

Dungeon Overview and Level Annotations

Branches:
Dungeon (1/1)

Altars:
Cheibriados
Dithmenos
Elyvilon
Fedhas
Gozag
Hepliaklqana
Kikubaaqudgha
Makhleb
Nemelex Xobeh
Okawaru
Qazlal
Ru
Sif Muna
Trog
Uskayaw
Vehumet
Wu Jian
Xom
Yredelemnul
Zin
The Shining One
Beogh
Jiyva
Lugonu

Shops:
D =(:(!(}[*(=*?*![:*:

Annotations:
D exclusion: oklob plant


Innate Abilities, Weirdness & Mutations

You are resistant to torment.
Your stone body is resilient. (AC +8)
You are immune to poison.
You resist negative energy. (rN+)
You are resistant to electric shocks. (rElec)
You can survive without breathing.
You are immune to petrification.
You are immune to miasma.
Scrolls take you longer to read.
You evolve.
Your movements are slightly less encumbered by armour. (ER -2)


Message History

Okay, then.
The electric golem closely misses you. The electric golem barely misses you.
The electric golem completely misses you.
The electric golem closely misses you.
Really read with blurry vision while enemies are nearby?
The electric golem closely misses you.
The electric golem hits you but does no damage.
The electric golem barely misses you.
The electric golem hits you but does no damage.
The electric golem hits you.
* * * LOW HITPOINT WARNING * * *
The electric golem shocks you. You resist.
* * * LOW HITPOINT WARNING * * *
The electric golem hits you but does no damage. x2
The electric golem hits you.
* * * LOW HITPOINT WARNING * * *
You begin reading the scroll.
You continue reading the scroll.
The electric golem hurls lightning at you.
The bolt of lightning hits you! You resist.
You die...

○○...##⌠,,,,*+▓**,,,*,..▓,**,,**,
○○°.°.##,,,,*,$▓▓▓+▓▓▓▓.▓,*,,,**,
○°.....#*++**,..+...▓0..▓,,,,,***
.○.°..##≈...**#.#°..▓▓▓▓▓▓▓▓▓▓***
°○.°.##,≈^...,#.#○°○▓≈≈≈≈≈≈≈≈▓▓*^
+#+++##***,...#!##[)▓▓▓▓▓▓▓▓▓▓▓*+
......#,,+^,..#..#=:▓...).))(▓▓,,
#+##..#,,***#.#..#=|▓[)...(..▓▓,⌠
.#.##.####,,+.##@#):▓(......(▓▓,,
.#..#....#,,#..8####▓(..(.(..▓▓,,
#.#####..##*##..##.#▓.[([)...▓▓,,
#'###.##..#,,+..#..#▓.....))(▓▓,,
#.##...#..#,,#..#).#▓........▓▓,⌠
†<.'##.'..####..##†#▓...(.[.)▓▓,,
#.##...#....###...##▓▓▓▓▓▓▓'▓▓▓▓+
#+###.##.§..(.≈≈≈≈≈≈≈≈≈≈≈≈≈...Xw≈
B#B*###≈≈§....≈#+########§###.≈w≈


You could see an electric golem.

Vanquished Creatures
  Gastronok (D)
  Nessos (D)
  A dire elephant (D)
  A crystal guardian (D)
  3 sixfirhies (D)
  2 deep trolls (D)
  2 death drakes (D)
  3 orc sorcerers (D)
  A toenail golem (D)
  An ice statue (D)
  A yaktaur (D)
  3 polar bears (D)
  A hornet (D)
  2 wyverns (D)
  4 water moccasins (D)
  4 necrophages (D)
  2 swamp drakes (D)
  2 earth elementals (D)
  A scorpion (D)
  8 electric eels (D)
  4 lava snakes (D)
  A jelly (D)
  4 worker ants (D)
53 creatures vanquished.

Vanquished Creatures (others)
  Menkaure (D)
  A water moccasin (D)
  28 tentacles (D)
30 creatures vanquished.

Grand Total: 83 creatures vanquished

Notes
Turn   | Place    | Note
-------+----------+-------------------------------------------
     0 | D        | reriks the Gargoyle Berserker began the quest for the Orb.
     0 | D        | Reached XP level 1. HP: 14/14 MP: 1/1
     1 | D        | Noticed a worker ant
     1 | D        | Noticed a worker ant
    12 | D        | Killed a worker ant
    13 | D        | Reached skill level 3 in Armour
    13 | D        | Reached XP level 2. HP: 6/20 MP: 2/2
    13 | D        | Reached XP level 3. HP: 8/24 MP: 3/3
    17 | D        | Reached skill level 5 in Fighting
    17 | D        | Reached skill level 4 in Armour
    41 | D        | Killed Menkaure
   286 | D        | Killed a water moccasin
   301 | D        | Reached ** piety under Trog
   302 | D        | Reached skill level 5 in Maces & Flails
   302 | D        | Reached XP level 4. HP: 30/31 MP: 4/4
   305 | D        | Reached skill level 5 in Armour
   446 | D        | Noticed a necrophage
   446 | D        | Noticed a necrophage
   446 | D        | Noticed a necrophage
   446 | D        | Noticed a necrophage
   451 | D        | Killed a necrophage
   452 | D        | Reached skill level 7 in Armour
   452 | D        | Reached XP level 5. HP: 35/35 MP: 5/5
   456 | D        | Killed a necrophage
   457 | D        | Reached skill level 8 in Armour
   457 | D        | Reached XP level 6. HP: 40/40 MP: 6/6
   460 | D        | Killed a necrophage
   460 | D        | Reached *** piety under Trog
   461 | D        | Reached skill level 9 in Armour
   467 | D        | Killed a necrophage
   468 | D        | Reached skill level 10 in Armour
   468 | D        | Reached XP level 7. HP: 25/44 MP: 7/7
   602 | D        | Noticed a wyvern
   602 | D        | Noticed a wyvern
   606 | D        | Killed a wyvern
   607 | D        | Reached skill level 10 in Maces & Flails
   607 | D        | Reached skill level 11 in Armour
   608 | D        | Killed a wyvern
   661 | D        | Noticed a boulder beetle
   661 | D        | Noticed a boulder beetle
   669 | D        | Found Cenyogru's Jewellery Emporium.
   669 | D        | Found Meiha's Magic Scroll Emporium.
   669 | D        | Found Zocsiuz's Antique Armour Shoppe.
   669 | D        | Found Qucud's Distillery.
   669 | D        | Found Kiunat's Antique Weapon Shoppe.
   669 | D        | Found Utziasti's Book Emporium.
   669 | D        | Found Xiaj's General Store.
   669 | D        | Found Teulust's General Store.
   669 | D        | Found Bimear's Antique Armour Shoppe.
   670 | D        | Found Jaekuun's Gadget Emporium.
   671 | D        | Noticed a redback
   672 | D        | Found Qurphoyj's Weapon Emporium.
   672 | D        | Found Ijuuxesh's Distillery.
   672 | D        | Noticed a redback
   672 | D        | Noticed an oklob plant
   673 | D        | Found Yfocvul's Antique Weapon Shoppe.
   673 | D        | Found Peugau's Jewellery Emporium.
   673 | D        | Found Kuesk's Book Shoppe.
   673 | D        | Noticed a wyvern
   684 | D        | Reached **** piety under Trog
   685 | D        | Reached skill level 12 in Armour
   832 | D        | Reached XP level 8. HP: 50/50 MP: 8/8
   974 | D        | Noticed a wyvern
   975 | D        | Noticed a polar bear
   975 | D        | Noticed a polar bear
   976 | D        | Bought a glowing plate armour for 520 gold pieces
   976 | D        | Bought a pair of gloves for 90 gold pieces
   976 | D        | Bought a hat for 80 gold pieces
  1004 | D        | Noticed a wyvern
  1017 | D        | Noticed a flying skull
  1017 | D        | Noticed a flying skull
  1020 | D        | Noticed a flying skull
  1020 | D        | Noticed a flying skull
  1020 | D        | Noticed a flying skull
  1020 | D        | Noticed a flying skull
  1020 | D        | Noticed a flying skull
  1020 | D        | Noticed a flying skull
  1021 | D        | Noticed a flying skull
  1021 | D        | Noticed a flying skull
  1022 | D        | Noticed a flying skull
  1022 | D        | Noticed a flying skull
  1039 | D        | Noticed an ice statue
  1054 | D        | Killed an ice statue
  1337 | D        | Found an iron altar of Okawaru.
  1337 | D        | Found an opulent altar of Gozag.
  1338 | D        | Found a sparkling altar of Nemelex Xobeh.
  1338 | D        | Found a blossoming altar of Fedhas.
  1339 | D        | Found a radiant altar of Vehumet.
  1339 | D        | Found a burning altar of Makhleb.
  1339 | D        | Found a white marble altar of Elyvilon.
  1340 | D        | Found a hide-covered altar of Uskayaw.
  1340 | D        | Found a corrupted altar of Lugonu.
  1340 | D        | Found a shadowy altar of Dithmenos.
  1344 | D        | Found a glowing silver altar of Zin.
  1344 | D        | Found a bloodstained altar of Trog.
  1344 | D        | Found an ancient bone altar of Kikubaaqudgha.
  1345 | D        | Noticed a polar bear
  1370 | D        | Killed a polar bear
  1420 | D        | Noticed a polar bear
  1449 | D        | Killed a polar bear
  1449 | D        | Reached ***** piety under Trog
  1450 | D        | Reached skill level 13 in Armour
  1450 | D        | Reached skill level 5 in Dodging
  1586 | D        | Found a snail-covered altar of Cheibriados.
  1613 | D        | Found a basalt altar of Yredelemnul.
  1613 | D        | Found a shimmering blue altar of Sif Muna.
  1613 | D        | Found a viscous altar of Jiyva.
  1642 | D        | Noticed a hornet
  1665 | D        | Killed a hornet
  1666 | D        | Reached XP level 9. HP: 59/59 MP: 9/9
  1761 | D        | Noticed a polar bear
  1762 | D        | Noticed a yaktaur
  1802 | D        | Killed a polar bear
  1802 | D        | Received a gift from Trog
  1809 | D        | Killed a yaktaur
  1995 | D        | Found a shimmering altar of Xom.
  1995 | D        | Found a sacrificial altar of Ru.
  1996 | D        | Found a glowing golden altar of the Shining One.
  1996 | D        | Found an ornate altar of the Wu Jian Council.
  1996 | D        | Found a stormy altar of Qazlal.
  2004 | D        | Noticed a kraken
  2604 | D        | Found a hazy altar of Hepliaklqana.
  2605 | D        | Found a roughly hewn altar of Beogh.
  2616 | D        | Reached skill level 14 in Armour
  2660 | D        | Noticed a deep troll
  2660 | D        | Noticed a deep troll
  2666 | D        | Killed a deep troll
  2670 | D        | Killed a deep troll
  2671 | D        | Reached skill level 10 in Fighting
  2671 | D        | Reached XP level 10. HP: 59/68 MP: 10/10
  2838 | D        | Noticed a sixfirhy
  3007 | D        | Noticed a sixfirhy
  3011 | D        | Noticed a sixfirhy
  3018 | D        | Found Lekhloom's Book Shoppe.
  3019 | D        | Found Nypli's Assorted Antiques.
  3333 | D        | Killed a sixfirhy
  3333 | D        | Received a gift from Trog
  3336 | D        | Killed a sixfirhy
  3337 | D        | Reached skill level 15 in Armour
  3341 | D        | Killed a sixfirhy
  3384 | D        | Noticed Gastronok
  3394 | D        | Killed Gastronok
  3395 | D        | Reached XP level 11. HP: 76/76 MP: 11/11
  3473 | D        | Noticed a dire elephant
  3473 | D        | Noticed an orc sorcerer
  3473 | D        | Noticed an orc sorcerer
  3473 | D        | Noticed an orc sorcerer
  3479 | D        | Noticed a soul eater
  3483 | D        | Killed a dire elephant
  3484 | D        | Reached skill level 15 in Maces & Flails
  3484 | D        | Reached skill level 16 in Armour
  3494 | D        | Killed an orc sorcerer
  3494 | D        | Received a gift from Trog
  3497 | D        | Killed an orc sorcerer
  3498 | D        | Reached skill level 10 in Dodging
  3503 | D        | Killed an orc sorcerer
  3687 | D        | Got a crude steel ring
  3694 | D        | Identified the Catalogue of Feathers and Flames
  3728 | D        | Got a masterwork ring mail
  3729 | D        | Identified the ring "Qagiofiu" {rF- rN+++ EV+4 SInv} (You
                  | found it in the Dungeon)
  3748 | D        | Identified the +1 ring mail of Grim Satisfaction {+Blink
                  | rN+ SInv} (You found it in the Dungeon)
  3759 | D        | Got a polished battleaxe
  3760 | D        | Identified the +2 battleaxe "Ebosmiano" {vorpal, Fragile
                  | rN++ Str+3} (You found it in the Dungeon)
  3765 | D        | Got an ichor-stained falchion
  3791 | D        | Received a gift from Trog
  3934 | D        | Reached ****** piety under Trog
  4034 | D        | Identified the +8 great mace of Articulation {flame, +Blink
                  | Str+4}
  4037 | D        | Identified the cursed +1 mace of Arrival {freeze, Str+2
                  | Int+5}
  4044 | D        | Found Teoninu's Assorted Antiques.
  4047 | D        | Found Ugintax's Weapon Shop.
  4048 | D        | Noticed Nessos
  4056 | D        | Killed Nessos
  4060 | D        | Bought a scroll of identify for 54 gold pieces
  4067 | D        | Bought a scroll labelled MIZAG SISON VUPU for 27 gold
                  | pieces
  4067 | D        | Bought a scroll labelled PICSUI TACHY for 27 gold pieces
  4067 | D        | Bought a scroll labelled PICSUI TACHY for 27 gold pieces
  4067 | D        | Bought a scroll of blinking for 202 gold pieces
  4465 | D        | Noticed a death drake
  4466 | D        | Noticed a crystal guardian
  4473 | D        | Gained mutation: Scrolls take you a little longer to read.
                  | [potion of mutation]
  4473 | D        | Gained mutation: You evolve. [potion of mutation]
  4473 | D        | Gained mutation: Scrolls take you longer to read. [potion
                  | of mutation]
  4473 | D        | Gained mutation: Your movements are slightly less
                  | encumbered by armour. (ER -2) [potion of mutation]
  4486 | D        | Killed a death drake
  4486 | D        | Received a gift from Trog
  4487 | D        | Got an iridescent rapier {god gift}
  4502 | D        | Killed a crystal guardian
  4547 | D        | Identified the +4 rapier of Understanding {vorpal, +Fly
                  | rElec Will-} (Trog gifted it to you in the Dungeon)
  4558 | D        | HP: 2/79 [earth elemental (25)]
  4991 | D        | Identified the cursed +1 falchion of Betzolat {antimagic,
                  | rF+ rC+} (You found it in the Dungeon)
  5071 | D        | Noticed a death drake
  5086 | D        | Killed a death drake
  5087 | D        | Reached skill level 17 in Armour
  5159 | D        | Noticed an electric golem
  5200 | D        | Killed from afar by an electric golem

Illustrated notes

Levels and vault maps discovered:
D:        the_violet_keep_of_menkaure [sprint2_stairs_cluster_1,
          sprint2_shoproom, sprint2_temple, sprint2_basic_supplies,
          sprint2_obstacle_1, sprint2_obstacle_5, sprint2_obstacle_2,
          sprint2_obstacle_3, sprint2_obstacle_7, sprint2_timed_cluster_1,
          sprint2_smallroom_cluster_1, sprint2_smallroom_final_cluster_1,
          sprint2_transparent_cluster_1, sprint2_second_timed_cluster_1,
          sprint2_sniper_area_1, sprint2_heavy_combat_area_1,
          sprint2_mutation_trap_area_1, sprint2_forest_area_1,
          sprint2_light_combat_area_1, sprint2_behind_water_1,
          sprint2_near_end_vault_1]

Skill      XL: |  1  2  3  4  5  6  7  8  9 10 11 |
---------------+----------------------------------+-----
Fighting       | 4 5 7 10 12 14 | 14.0
Maces & Flails | 4 5 7 8 9 11 12 13 14 16 | 16.0
Armour         | 3 4 7 8 10 12 13 14 15 17 | 17.1
Dodging        | 2 3 5 7 9 11 | 11.1

Action                   |  1- 3 |  4- 6 |  7- 9 | 10-12 || total
-------------------------+-------+-------+-------+-------++-------
Melee: Mace              |    20 |    22 |    86 |       ||   128
       Flail             |       |       |    27 |   168 ||   195
       Rapier            |       |       |       |    15 ||    15
Invok: Berserk           |     2 |     1 |     9 |     7 ||    19
       Trog's Hand       |       |       |       |     1 ||     1
  Use: Scroll            |       |       |    10 |     4 ||    14
       Potion            |       |       |       |     6 ||     6
Armor: Animal skin       |     1 |     5 |     4 |       ||    10
       Plate armour      |       |       |   103 |   107 ||   210
Dodge: Dodged            |     9 |     4 |    61 |   110 ||   184

Table legend: (Time is in decaauts)
 A = Elapsed time spent in this place.
 B = Non-inter-level travel time spent in this place.
 C = Inter-level travel time spent in this place.
 D = Time resting spent in this place.
 E = Time spent auto-exploring this place.
 F = Levels seen in this place.
 G = Mean time per level.
                   A        B        C        D        E       F      G
               +--------+--------+--------+--------+--------+-----+--------+
         Total |   5365 |   5365 |      0 |   4078 |    102 |   1 | 5365.0 |
       Dungeon |   5365 |   5365 |      0 |   4078 |    102 |   1 | 5365.0 |
               +--------+--------+--------+--------+--------+-----+--------+

Top non-repeatable levels by time:
       D: 5365 daAuts
